 Dungeon Crawl Stone Soup version 0.27.0-1-g7a089689b8 (webtiles) character file.

Game seed: 4923240521736163138

166 horus123 the Covert (level 5, -5/33 HPs)
             Began as a Kobold Delver on Aug 16, 2021.
             Slain by an iguana (12 damage)
             ... on level 4 of the Dungeon.
             The game lasted 00:01:14 (302 turns).

horus123 the Covert (Kobold Delver)                  Turns: 302, Time: 00:01:15

Health: -5/33      AC:  3    Str:  9    XL:     5   Next: 76%
Magic:  5/5        EV: 14    Int: 11    God:
Gold:   28         SH:  0    Dex: 18    Spells: 4/4 levels left

rFire    . . .     SeeInvis .   a - +0 short sword
rCold    . . .     Faith    .   (shield restricted)
rNeg     . . .     Spirit   .   b - +0 leather armour
rPois    .         Reflect  .   (no helmet)
rElec    .         Harm     .   (no cloak)
rCorr    .         Rampage  .   (no gloves)
Will     .....                  (no boots)
Stlth    +++++.....             (no amulet)
HPRegen  0.11/turn              (no ring)
MPRegen  0.09/turn              (no ring)

@: no status effects
A: small, no large weapons, nightstalker 3
a: no special abilities


You were on level 4 of the Dungeon.
You visited 1 branch of the dungeon, and saw 2 of its levels.

You collected 28 gold pieces.

Inventory:

Hand Weapons
 a - a +0 short sword (weapon)
Armour
 b - a +0 leather armour (worn)
Wands
 g - a wand of digging (3)
Scrolls
 c - a scroll of fog
 d - a scroll of magic mapping
 e - a scroll of fear
 h - a scroll of vulnerability {unknown}
Potions
 f - a potion of haste


   Skills:
 + Level 3.8 Fighting
 + Level 4.2 Short Blades
 + Level 2.5 Dodging
 + Level 8.8 Stealth


You had 4 spell levels left.
You didn't know any spells.
Your spell library was empty.

Dungeon Overview and Level Annotations

Branches:
Dungeon (5/15)
 Temple: D:4-7

Altars:


Innate Abilities, Weirdness & Mutations

You are small and have problems with some larger weapons.
You are completely attuned to the shadows.


Message History

A hound comes into view.
An iguana comes into view.
The helpless hound fails to defend itself.
You impale the hound!!
You kill the hound!
The iguana hisses angrily.
The iguana misses you.
Found a stone staircase leading down.
You barely miss the iguana. The iguana bites you!
You hit the iguana.
The iguana is lightly wounded.
The iguana bites you.
You hit the iguana.
The iguana is lightly wounded.
The iguana bites you!
You are too injured to fight recklessly!
You are too injured to fight recklessly!
You see here 11 gold pieces.
You hit the iguana but do no damage.
The iguana is lightly wounded.
The iguana bites you.
You barely miss the iguana.
The iguana is lightly wounded.
The iguana bites you but does no damage.
You hit the iguana but do no damage.
The iguana is lightly wounded.
The iguana barely misses you.
You hit the iguana but do no damage.
The iguana is lightly wounded.
The iguana completely misses you.
You hit the iguana but do no damage.
The iguana is lightly wounded.
You hit the iguana.
The iguana is lightly wounded.
The iguana bites you.
* * * LOW HITPOINT WARNING * * *
You barely miss the iguana.
The iguana is lightly wounded.
The iguana bites you!
You die...

#.###
#...###
###...#
###.#
####.#####
..........
..........
..........
.....@....
.....l....
..........
.........>
..........
.........


You could see an iguana.

Vanquished Creatures
  An ogre (D:4)
  A hound (D:4)
  An iguana (D:5)
  2 adders (D:5)
  A worm (D:4)
  2 orcs
  A quokka (D:4)
9 creatures vanquished.

Notes
Turn   | Place    | Note
-------+----------+-------------------------------------------
     0 | D:5      | horus123 the Kobold Delver began the quest for the Orb.
     0 | D:5      | Reached XP level 1. HP: 14/14 MP: 1/1
    20 | D:5      | Noticed an iguana
    23 | D:5      | Reached skill level 7 in Stealth
    23 | D:5      | Reached XP level 2. HP: 19/19 MP: 2/2
    26 | D:5      | Reached XP level 3. HP: 23/23 MP: 3/3
    67 | D:4      | Noticed an ogre
    77 | D:4      | Killed an ogre
    78 | D:4      | Reached skill level 8 in Stealth
    78 | D:4      | Reached XP level 4. HP: 17/29 MP: 4/4
    78 | D:4      | Reached XP level 5. HP: 20/33 MP: 5/5
   302 | D:4      | Slain by an iguana

Illustrated notes

Levels and vault maps discovered:
D:4:      layout_rooms, grunt_temple_overflow_open
D:5:      layout_rooms, temple_garden, bh_walls_and_bars

Skill      XL: |  1  2  3 |
---------------+----------+-----
Stealth        | 7 8 |  8.8
Short Blades   | 4 |  4.2
Fighting       | |  3.8
Dodging        | |  2.5

Action                   |  1- 3 |  4- 6 || total
-------------------------+-------+-------++-------
Melee: Short sword       |    12 |    18 ||    30
  Use: Scroll            |       |     2 ||     2
 Stab: Sleeping          |     6 |     2 ||     8
       Distracted        |       |     1 ||     1
Armor: Leather armour    |       |     1 ||     1
Dodge: Dodged            |     3 |     5 ||     8
